 Dungeon Crawl Stone Soup version 0.25-a0-424-g80bd347ae0 (webtiles) character file.

Game seed: 298697085020409682, levelgen mode: deterministic

2059 shady the Thaumaturge (level 9, -5/48 HPs)
             Began as a Deep Elf Air Elementalist on Jan 23, 2020.
             Was a Follower of Vehumet.
             Slain by an orc warrior
             ... wielding a +0 broad axe
              (24 damage)
             ... in a bailey.
             The game lasted 00:50:22 (7548 turns).

shady the Thaumaturge (Deep Elf Air Elementalist)   Turns: 7548, Time: 00:50:27

Health: -5/48      AC:  3    Str:  3    XL:     9   Next: 5%
Magic:  9/24       EV: 17    Int: 24    God:    Vehumet [*.....]
Gold:   388        SH:  0    Dex: 15    Spells: 4/26 levels left

rFire    . . .     SeeInvis .   A - +6 whip "Ajey" {vorpal, rC+}
rCold    + . .     Gourm    .   (no shield)
rNeg     . . .     Faith    .   a - +0 robe
rPois    .         Spirit   .   (helmet restricted)
rElec    .         Reflect  .   (no cloak)
rCorr    .         Harm     .   d - +0 pair of gloves
MR       .....                  (no boots)
Stlth    +++.......             (no amulet)
HPRegen  0.16/turn              (no ring)
MPRegen  0.19/turn              (no ring)

@: sluggish, very slow
A: horns 1, repulsion field 1, weak 1
a: Renounce Religion


You were in a bailey.
You worshipped Vehumet.
Vehumet was aware of your devotion.
You were very hungry.

You visited 2 branches of the dungeon, and saw 9 of its levels.
You also visited: Bailey.

You collected 388 gold pieces.

Inventory:

Hand Weapons
 f - a +0 dagger of protection
 i - a +0 dagger of venom
 t - a +0 whip
 y - a +2 quarterstaff of speed
 z - a +0 hunting sling
 A - the +6 whip "Ajey" (weapon) {vorpal, rC+}
   (You found it on level 5 of the Dungeon)

   It inflicts extra damage upon your enemies.
   It protects you from cold.
Missiles
 r - 26 poisoned darts (quivered)
Armour
 a - a +0 robe (worn)
 d - a +0 pair of gloves (worn)
 e - a +1 helmet
 k - a +0 leather armour
Magical Staves
 x - an uncursed staff of death
Wands
 j - a wand of random effects (19)
 C - a wand of disintegration (16)
Scrolls
 b - 3 scrolls of remove curse
 g - 3 scrolls of enchant weapon
 h - a scroll of teleportation
 l - a scroll of enchant armour {unknown}
 p - 11 scrolls of identify {unknown}
 q - 2 scrolls of blinking {unknown}
Potions
 m - 2 potions of lignification {unknown}
 s - a potion of magic {unknown}
 v - 2 potions of cancellation {unknown}
 w - 2 potions of agility
Comestibles
 c - 8 rations


   Skills:
 + Level 1.7 Fighting
 + Level 0.5 Short Blades
 + Level 2.4 Maces & Flails
 + Level 0.1(2.0) Staves
 + Level 5.1 Dodging
 * Level 6.3 Stealth
 * Level 9.1 Spellcasting
 + Level 4.1 Conjurations
 + Level 1.8 Hexes
 + Level 0.1 Charms
 + Level 0.2 Ice Magic
 + Level 5.7 Air Magic


You had 4 spell levels left.
You knew the following spells:

 Your Spells              Type           Power        Failure   Level  Hunger
a - Shock                 Conj/Air       ####         1%          1    None
b - Swiftness             Chrm/Air       ####....     2%          2    None
c - Static Discharge      Conj/Air       ####....     2%          3    None
d - Airstrike             Air            #####.....   5%          4    ##.....
e - Ensorcelled Hibernat  Hex/Ice        ###...       6%          2    None
f - Corona                Hex            ###....      2%          1    None
g - Confusing Touch       Hex            ###.....     9%          3    None
h - Tukima's Dance        Hex            ###.....     9%          3    None
i - Dazzling Flash        Conj/Hex       ####..       4%          3    None

Your spell library contained the following spells:

 Spells                   Type           Power        Failure   Level  Hunger
 Freeze                   Ice            ##..         5%          1    None
 Lightning Bolt           Conj/Air       ####......   22%         5    ####...


Dungeon Overview and Level Annotations

Branches:
Dungeon (8/15)             Temple (1/1) D:7          Bailey (1/1)
   Lair: D:8-11

Altars:
Cheibriados
Dithmenos
Elyvilon
Fedhas
Makhleb
Trog
Vehumet
Xom
Yredelemnul
Zin

Shops:
D:5 %

Annotations:
D:3 3 runed translucent doors, endorz's ghost, amateur MiBe
D:8 1 runed translucent door, Kohma's ghost, novice FoFi


Innate Abilities, Weirdness & Mutations

You have a pair of small horns on your head.
You are surrounded by a mild repulsion field. (EV +2)
You are weak. (Str -2)


Message History

Aim: an orc warrior, wielding a +0 broad axe and wearing a +0 plate armour (lightly wounded, chance to defeat MR: 46%)
The orc warrior resists with some effort.
Casting: Ensorcelled Hibernation (safe; 6% risk of failure)
Confirm with . or Enter, or press ? or * to list all spells.
Aiming: Shock (safe; 1% risk of failure)
Press: ? - help, Shift-Dir - straight line, f - orc warrior, p - orc warrior
Aim: an orc warrior, wielding a +0 battleaxe and wearing a +0 plate armour (almost dead)
The zap hits the orc warrior.
The orc warrior is lightly wounded.
The zap hits the gnoll.
The gnoll is heavily wounded.
The zap hits the hobgoblin.
You kill the hobgoblin!
Vehumet accepts your kill.
The zap hits the orc warrior!
The orc warrior is moderately wounded.
The zap misses the orc warrior.
The orc warrior hits you with a +0 broad axe!!
Ouch! That really hurt!
You die...

#....≈.≈....#
#'###≈.≈###'#
#^..(≈.≈(...#
#'###≈.≈###'#
#...(≈.≈(...#
#'###≈.≈###'#
#....≈.≈...^#
#'###≈.≈###'#
#...(≈@≈(...#
#'###≈o≈###'#
#....≈g≈....#
#'###≈.≈###'#
#....≈)≈....#
######o######
#go.# #.).#
#.).#


You could see 3 orc warriors, a gnoll and a hobgoblin.

Vanquished Creatures
  An orc knight (Bailey)
  A hungry ghost (D:6)
  Edmund (D:6)
  A water moccasin (D:6)
  2 orc warriors (Bailey)
  A sky beast (D:6)
  3 ogres
  A phantom (D:6)
  A centaur (D:6)
  4 wights (D:6)
  A crimson imp (D:5)
  3 orc wizards
  An orc priest (D:4)
  2 hounds
  2 iguanas
  An iron imp (D:5)
  3 worker ants
  A hound zombie (D:6)
  A hound skeleton (D:6)
  A howler monkey zombie (D:6)
  A gnoll (Bailey)
  5 adders
  A shadow imp (D:8)
  2 oozes
  2 adder skeletons
  5 worms
  A dart slug (D:2)
  4 leopard geckos
  12 orcs
  9 giant cockroaches
  10 hobgoblins
  6 quokkas
  2 ball pythons (D:3)
  A ball python zombie (D:5)
  9 bats
  6 frilled lizards
  15 goblins
  20 kobolds
  11 rats
154 creatures vanquished.

Notes
Turn   | Place    | Note
-------+----------+-------------------------------------------
     0 | D:1      | shady the Deep Elf Air Elementalist began the quest for the
                  | Orb.
     0 | D:1      | Reached XP level 1. HP: 10/10 MP: 6/6
   241 | D:1      | Reached XP level 2. HP: 15/15 MP: 5/8
   269 | D:1      | Learned a level 2 spell: Swiftness
   765 | D:2      | Found a shadowy altar of Dithmenos.
   789 | D:2      | Reached XP level 3. HP: 17/19 MP: 7/9
  1384 | D:2      | Reached XP level 4. HP: 24/24 MP: 6/11
  1591 | D:3      | Learned a level 3 spell: Static Discharge
  1703 | D:3      | Found a runed translucent gate.
  1704 | D:3      | Found a runed translucent gate.
  1704 | D:3      | Found a runed translucent gate.
  1705 | D:3      | Noticed endorz's ghost (amateur MiBe)
  1759 | D:3      | Found a white marble altar of Elyvilon.
  2011 | D:3      | Reached skill level 4 in Spellcasting
  2173 | D:3      | Noticed a moth of wrath
  2176 | D:3      | Found a bloodstained altar of Trog.
  2573 | D:3      | Learned a level 4 spell: Airstrike
  2604 | D:4      | Found a blossoming altar of Fedhas.
  2684 | D:4      | Reached XP level 5. HP: 28/28 MP: 7/13
  3075 | D:5      | Entered Level 5 of the Dungeon
  3270 | D:5      | Got a scorched whip
  3271 | D:5      | Identified the +6 whip "Ajey" {vorpal, rC+} (You found it
                  | on level 5 of the Dungeon)
  3275 | D:5      | Found a snail-covered altar of Cheibriados.
  3787 | D:5      | Noticed an ogre
  3799 | D:5      | Killed an ogre
  3799 | D:5      | Reached skill level 5 in Spellcasting
  3799 | D:5      | Reached XP level 6. HP: 32/32 MP: 5/15
  3892 | D:5      | Found Qeliut's Food Boutique.
  3931 | D:5      | Learned a level 2 spell: Ensorcelled Hibernation
  4364 | D:6      | Noticed a sky beast
  4381 | D:6      | Killed a sky beast
  4477 | D:6      | Reached XP level 7. HP: 25/37 MP: 17/17
  4853 | D:6      | Reached skill level 6 in Spellcasting
  4854 | D:6      | Reached skill level 5 in Stealth
  5010 | D:6      | Noticed Edmund
  5043 | D:6      | Killed Edmund
  5043 | D:6      | Reached skill level 1 in Fighting
  5043 | D:6      | Reached skill level 1 in Maces & Flails
  5242 | D:6      | Noticed a hungry ghost
  5268 | D:6      | Paralysed by fainting for 5 turns
  5510 | D:6      | Learned a level 1 spell: Corona
  5770 | D:6      | Reached skill level 7 in Spellcasting
  5770 | D:6      | Reached XP level 8. HP: 29/43 MP: 15/20
  5983 | D:6      | Reached skill level 5 in Air Magic
  6194 | D:6      | Reached skill level 5 in Dodging
  6194 | D:6      | Reached skill level 8 in Spellcasting
  6393 | D:6      | Learned a level 3 spell: Confusing Touch
  6397 | D:6      | Learned a level 3 spell: Tukima's Dance
  6455 | D:7      | Found a staircase to the Ecumenical Temple.
  6470 | Temple   | Entered the Ecumenical Temple
  6509 | Temple   | Became a worshipper of Vehumet
  6614 | D:7      | Reached skill level 1 in Hexes
  6676 | D:7      | Found a shimmering altar of Xom.
  6753 | D:7      | You fall into a shaft and drop 1 floor!
  6762 | D:8      | Found a runed translucent door.
  6762 | D:8      | Noticed Kohma's ghost (novice FoFi)
  6789 | D:8      | Gained mutation: You are weak. (Str -2) [potion of
                  | mutation]
  6789 | D:8      | Gained mutation: You have a pair of small horns on your
                  | head. [potion of mutation]
  6789 | D:8      | Gained mutation: You are surrounded by a mild repulsion
                  | field. (EV +2) [potion of mutation]
  7037 | D:8      | Learned a level 3 spell: Dazzling Flash
  7040 | D:8      | Found a basalt altar of Yredelemnul.
  7177 | D:7      | Found a flagged portal.
  7182 | Bailey   | Entered a bailey
  7524 | Bailey   | Noticed an orc knight
  7539 | Bailey   | Killed an orc knight
  7539 | Bailey   | Reached skill level 9 in Spellcasting
  7539 | Bailey   | Reached XP level 9. HP: 48/48 MP: 16/24
  7541 | Bailey   | Reached * piety under Vehumet
  7541 | Bailey   | Offered knowledge of Freeze by Vehumet.
  7548 | Bailey   | Slain by an orc warrior

Levels and vault maps discovered:
D:1:      saegor_arrival_simple_c, layout_basic
D:2:      layout_rooms, lemuel_doored_altar
D:3:      layout_basic, elyvilon_altar_3, tgw_trog, ebering_ghost_rock_garden,
          minmay_starry_boxes
D:4:      layout_rooms, fedhas_altar_2
D:5:      layout_basic, slow_altar_1, first_ration, serial_shops, shop
D:6:      layout_loops_ring, serial_co_window_serial, co_window_paths_a,
          co_window_paths_a, co_window_corner_a, co_window_of_opportunity_a,
          co_window_paths_a, co_window_corner_a, co_window_paths_c,
          co_window_unsneaky_path_e, co_window_unsneaky_path_d,
          co_window_2corner, co_window_cross_2, glass_columns_a,
          glass_columns_a, glass_columns_b, glass_columns_a, glass_columns_a,
          st_stairs_5, minivault_26, uniq_edmund
D:7:      layout_basic, lemuel_round_altar, minmay_temple_entry_overgrown,
          enter_bailey_1
D:8:      layout_rooms, kennysheep_mini_moat, erik_lair_dragon,
          hellmonk_ghost_happy_afterlife
Temple:   minmay_temple_curvy_branch
Bailey:   bailey_axe_1, bailey

Skill      XL: |  1  2  3  4  5  6  7  8 |
---------------+-------------------------+-----
Dodging        | 3 4 5 |  5.1
Stealth        | 3 4 5 6 |  6.3
Conjurations   | 2 3 4 |  4.1
Spellcasting   | 4 5 7 9 |  9.1
Air Magic      | 4 5 |  5.7
Fighting       | 1 |  1.7
Maces & Flails | 1 2 |  2.4
Hexes          | 1 |  1.8
Short Blades   | |  0.5
Staves         | |  0.1
Charms         | |  0.1
Ice Magic      | |  0.2

Action                   |  1- 3 |  4- 6 |  7- 9 || total
-------------------------+-------+-------+-------++-------
Melee: Dagger            |    85 |    58 |     1 ||   144
       Unarmed           |     2 |       |       ||     2
       Quarterstaff      |       |     4 |       ||     4
       Whip              |       |    45 |    89 ||   134
       Headbutt          |       |       |     4 ||     4
Throw: Dart              |       |     1 |       ||     1
 Cast: Shock             |    45 |    78 |   127 ||   250
       Swiftness         |       |     1 |     2 ||     3
       Ensorcelled Hiber |       |     1 |     4 ||     5
       Corona            |       |       |    17 ||    17
       Confusing Touch   |       |       |     4 ||     4
       Airstrike         |       |       |     1 ||     1
       Tukima's Dance    |       |       |     1 ||     1
Evoke: Wand              |       |       |     1 ||     1
  Use: Potion            |     2 |     1 |     5 ||     8
       Scroll            |       |       |     9 ||     9
 Stab: Sleeping          |     7 |     5 |     2 ||    14
       Distracted        |       |       |     1 ||     1
  Eat: Chunk             |     1 |     6 |     7 ||    14
       Ration            |       |     1 |     2 ||     3
Armor: Robe              |    34 |    32 |    38 ||   104
Dodge: Dodged            |    69 |    86 |   125 ||   280

Table legend:
 A = Non-vault XP
 B = Vault XP
 C = Vault XP percentage of total XP
 D = Non-vault monster count
 E = Vault monster count
 F = Vault count percentage of total count
                 A         B        C        D         E       F
            +---------+---------+-------+---------+---------+-------
      Total |    2049 |     893 |  30.4 |     113 |      41 |  26.6
            +---------+---------+-------+---------+---------+-------
        D:1 |      40 |       0 |   0.0 |      22 |       0 |   0.0
        D:2 |      65 |       0 |   0.0 |      20 |       0 |   0.0
        D:3 |      43 |      24 |  35.8 |      22 |      11 |  33.3
        D:4 |      94 |       0 |   0.0 |       6 |       0 |   0.0
        D:5 |     240 |      40 |  14.3 |       7 |       1 |  12.5
        D:6 |    1413 |     203 |  12.6 |      28 |       2 |   6.7
        D:7 |      94 |       0 |   0.0 |       4 |       0 |   0.0
        D:8 |      60 |       0 |   0.0 |       4 |       0 |   0.0
     Bailey |       0 |     626 | 100.0 |       0 |      27 | 100.0
            +---------+---------+-------+---------+---------+-------
